[Event "Elegant 1st Division League 2024"]
[Site "Dhaka"]
[Date "2024.07.17"]
[Round "7.21"]
[White "Hossain, Alamgir"]
[Black "Mirza Arifur, Rahman"]
[Result "1-0"]
[Annotator "RC"]
[ECO "C42"]
[WhiteElo "1974"]
[BlackElo "1823"]
[PlyCount "125"]
[EventDate "2024.07.10"]
[EventType "team-tourn"]
[EventCountry "BAN"]
[SourceTitle "playchess.com"]
[Source "ChessBase"]
[SourceQuality "1"]
[TimeControl "5400+30"]

1. e4 e5 2. Nf3 Nc6 3. Bc4 Nf6 4. Nc3 Bb4 5. O-O O-O 6. h3 Bxc3 7. dxc3 Nxe4 8. Bd5 Nc5 9. Bxc6 bxc6 10. Nxe5 Qe7 11. Re1 Ne6 12. f4 f6 13. Nf3 Rb8 14. b4 Qd6 15. f5 Qxd1 16. Rxd1 Nd8 17. Be3 a6 18. g4 Re8 19. Bf4 d6 20. Re1 Kf7 21. a3 Bd7 22. c4 Nb7 23. Kf2 c5 24. c3 Bc6 25. Nd2 Rxe1 26. Rxe1 Re8 27. Rxe8 Kxe8 28. Be3 cxb4 29. cxb4 d5 30. c5 a5 31. Nb3 axb4 32. axb4 Bd7 33. Nd4 c6 34. Nf3 h5 35. Kg3 hxg4 36. hxg4 Nd8 37. Bf4 Nf7 38. Bc7 Ke7 39. Kf4 Nh8 40. Bd6+ Kf7 41. g5 g6 42. gxf6 gxf5 43. Ne5+ Ke6 44. Nxd7 Kxd7 45. Kxf5 Nf7 46. Bf4 d4 47. Bd2 Nd8 48. Ke5 Nf7+ 49. Kf5 Nd8 50. Bc1 Nf7 51. Bb2 d3 52. Bc3 Nd8 53. Ke4 Ke6 54. Kxd3 Kd5 55. Ke3 Ne6 56. f7 Kc4 57. Bg7 Kxb4 58. f8=Q Nxf8 59. Bxf8 Kb5 60. Kd4 Ka6 61. Ke5 Kb7 62. Kd6 Kc8 63. Kxc6 1-0

[Event "Elegant 1st Division League 2024"]
[Site "Dhaka"]
[Date "2024.07.17"]
[Round "7.22"]
[White "Salim Mohammed, Salim Al Amri"]
[Black "Priyanshu Barua"]
[Result "0-1"]
[Annotator "RC"]
[ECO "A25"]
[WhiteElo "1928"]
[BlackElo "1987"]
[PlyCount "82"]
[EventDate "2024.07.10"]
[EventType "team-tourn"]
[EventCountry "BAN"]
[SourceTitle "playchess.com"]
[Source "ChessBase"]
[SourceQuality "1"]
[TimeControl "5400+30"]

1. c4 e5 2. Nc3 Nc6 3. g3 f5 4. e3 Nf6 5. Nge2 Bb4 6. Bg2 Bxc3 7. Nxc3 O-O 8. O-O d6 9. d4 Qe8 10. Re1 Kh8 11. Ne2 Qh5 12. Nc3 Qg6 13. a3 Bd7 14. b4 Rad8 15. Nb5 Rc8 16. Bb2 a6 17. dxe5 Nxe5 18. Bxe5 dxe5 19. Nc3 f4 20. exf4 exf4 21. Bxb7 fxg3 22. hxg3 Rcd8 23. Nd5 Ng4 24. Ra2 c6 25. Qc2 Qh5 26. f4 cxd5 27. Bxd5 Rde8 28. Raa1 Bf5 29. Qd2 Rd8 30. Re7 Nf6 31. Rae1 Qg6 32. Qg2 Nxd5 33. cxd5 Rc8 34. R1e2 h6 35. Kf2 Bg4 36. Rd2 Qb6+ 37. Kf1 Rc1+ 38. Re1 Rxe1+ 39. Kxe1 Qe3+ 40. Kf1 Rc8 41. Qf2 Rc1+ 0-1

[Event "Elegant 1st Division League 2024"]
[Site "Dhaka"]
[Date "2024.07.17"]
[Round "7.23"]
[White "Hossain, Delwar"]
[Black "Afnan, Zarif Haque"]
[Result "0-1"]
[Annotator "RC"]
[ECO "A22"]
[WhiteElo "1959"]
[BlackElo "1853"]
[PlyCount "100"]
[EventDate "2024.07.10"]
[EventType "team-tourn"]
[EventCountry "BAN"]
[SourceTitle "playchess.com"]
[Source "ChessBase"]
[SourceQuality "1"]
[TimeControl "5400+30"]

1. c4 e5 2. Nc3 Nf6 3. e4 Bc5 4. h3 d6 5. Nf3 a5 6. a4 c6 7. d3 Qb6 8. Qc2 O-O 9. g3 Na6 10. Nd1 Ne8 11. Bg2 f5 12. Be3 Nec7 13. Qe2 Ne6 14. exf5 Rxf5 15. O-O Bd7 16. Nc3 Qc7 17. Ne4 Rff8 18. b3 Rae8 19. Rab1 d5 20. Neg5 Nd4 21. Qd1 h6 22. cxd5 hxg5 23. Nxg5 Qd6 24. Ne4 Qg6 25. Rc1 b6 26. dxc6 Bxc6 27. h4 Bd7 28. Ng5 Nb4 29. Rc4 Bc6 30. h5 Qf6 31. Ne4 Qf5 32. f4 Qd7 33. Kh2 Bd5 34. Rc3 Nxb3 35. Bh3 Qb7 36. Bxc5 Nxc5 37. Nd6 Qe7 38. Nxe8 Rxe8 39. h6 exf4 40. d4 Ncd3 41. Bg4 fxg3+ 42. Kh3 g2 43. Rf5 Qe3+ 44. Kh2 Qxh6+ 45. Bh5 Qd6+ 46. Kg1 Re1+ 47. Qxe1 Nxe1 48. Rc8+ Kh7 49. Rg5 Nf3+ 50. Bxf3 Bxf3 0-1

[Event "Elegant 1st Division League 2024"]
[Site "Dhaka"]
[Date "2024.07.17"]
[Round "7.24"]
[White "Islam, Obaidul Shahin"]
[Black "Khan, Monir Hossain"]
[Result "1/2-1/2"]
[Annotator "RC"]
[ECO "B08"]
[WhiteElo "1976"]
[BlackElo "1928"]
[PlyCount "115"]
[EventDate "2024.07.10"]
[EventType "team-tourn"]
[EventCountry "BAN"]
[SourceTitle "playchess.com"]
[Source "ChessBase"]
[SourceQuality "1"]
[TimeControl "5400+30"]

1. e4 g6 2. Nf3 Bg7 3. Nc3 d6 4. d4 Nd7 5. Be3 Ngf6 6. Qd2 Ng4 7. Bf4 c5 8. h3 cxd4 9. Nxd4 Nge5 10. Be2 h6 11. Nb3 a6 12. Be3 b5 13. f4 Nc6 14. O-O Bb7 15. f5 g5 16. Bd3 Nde5 17. Nd5 Nd7 18. c3 Nce5 19. Nd4 Nc5 20. Bc2 Nc4 21. Qe2 Nxe3 22. Qxe3 O-O 23. f6 exf6 24. Nf5 Bxd5 25. exd5 Re8 26. Qd2 Re5 27. b4 Nd7 28. Rf2 Nf8 29. Raf1 Qb6 30. Kh1 Rae8 31. Qd1 Ng6 32. Nxg7 Kxg7 33. Bxg6 Qxf2 34. Rxf2 Re1+ 35. Rf1 Rxd1 36. Rxd1 fxg6 37. a4 Rc8 38. axb5 axb5 39. Ra1 Rxc3 40. Ra7+ Kg8 41. Rd7 Rc4 42. Rxd6 Rxb4 43. Rxf6 Rb1+ 44. Kh2 Rd1 45. d6 Kg7 46. Re6 Kf7 47. Re7+ Kf6 48. Rb7 Rxd6 49. Rxb5 Re6 50. Ra5 Re5 51. Ra6+ Re6 52. Ra5 h5 53. Kg1 Re5 54. Ra6+ Kf5 55. Kf2 h4 56. Rb6 Rc5 57. Ra6 Ke5 58. Ke1 1/2-1/2

[Event "Elegant 1st Division League 2024"]
[Site "Dhaka"]
[Date "2024.07.18"]
[Round "8.1"]
[White "Ahmed, Mahtabuddin"]
[Black "Mirza Arifur, Rahman"]
[Result "1-0"]
[Annotator "RC"]
[ECO "A28"]
[WhiteElo "1974"]
[BlackElo "1823"]
[PlyCount "75"]
[EventDate "2024.07.10"]
[EventType "team-tourn"]
[EventCountry "BAN"]
[SourceTitle "playchess.com"]
[Source "ChessBase"]
[SourceQuality "1"]
[TimeControl "5400+30"]

1. c4 e5 2. Nc3 Nf6 3. Nf3 Nc6 4. e3 Bb4 5. Qb3 a5 6. Nd5 a4 7. Qc2 Bc5 8. a3 e4 9. Nxf6+ Qxf6 10. Qxe4+ Be7 11. d4 O-O 12. Bd2 d6 13. Qc2 Bg4 14. Be2 Rfe8 15. Bc3 Qh6 16. O-O Bf6 17. Rad1 Ne7 18. Ne1 Bxe2 19. Qxe2 d5 20. Bb4 Nf5 21. Qc2 Re4 22. cxd5 Rae8 23. Qxc7 Nxe3 24. fxe3 Qxe3+ 25. Kh1 Rxd4 26. Nf3 Rxd1 27. Rxd1 Qb3 28. Qc1 g6 29. d6 Rd8 30. Bc3 Bxc3 31. bxc3 b5 32. d7 Qe6 33. Qd2 Kf8 34. Qd4 f6 35. h3 Kf7 36. Qd3 Qc6 37. Qd5+ Qxd5 38. Rxd5 1-0

[Event "Elegant 1st Division League 2024"]
[Site "Dhaka"]
[Date "2024.07.18"]
[Round "8.2"]
[White "Salim Mohammed, Salim Al Amri"]
[Black "Shourya Paul"]
[Result "0-1"]
[Annotator "RC"]
[ECO "E63"]
[WhiteElo "1928"]
[BlackElo "1813"]
[PlyCount "92"]
[EventDate "2024.07.10"]
[EventType "team-tourn"]
[EventCountry "BAN"]
[SourceTitle "playchess.com"]
[Source "ChessBase"]
[SourceQuality "1"]
[TimeControl "5400+30"]

1. c4 Nf6 2. Nc3 g6 3. g3 Bg7 4. Bg2 O-O 5. d4 d6 6. Nf3 Nc6 7. O-O a6 8. Bg5 h6 9. Bxf6 Bxf6 10. e3 Rb8 11. Rc1 Bg7 12. a3 e5 13. b4 exd4 14. Nxd4 Ne5 15. Ne4 Re8 16. Qc2 f5 17. Nd2 c6 18. h3 Qf6 19. Rcd1 g5 20. f4 Ng6 21. fxg5 Qxg5 22. Nxf5 Bxf5 23. Qxf5 Qxg3 24. Rf3 Qxg2+ 25. Kxg2 Nh4+ 26. Kf2 Nxf5 27. Rxf5 Re6 28. Kf3 Rbe8 29. Nf1 b5 30. cxb5 axb5 31. Rd3 Ra8 32. Nd2 Bb2 33. Nb1 Be5 34. h4 Rg6 35. Rb3 Rg3+ 36. Kf2 Rh3 37. Nd2 Rh2+ 38. Ke1 Rxh4 39. Nf3 Rh1+ 40. Ke2 Bg7 41. Rd3 d5 42. Ne5 Bxe5 43. Rxe5 Kf7 44. Rc3 Kf6 45. Rxd5 cxd5 46. Rc5 Ke5 0-1

[Event "Elegant 1st Division League 2024"]
[Site "Dhaka"]
[Date "2024.07.18"]
[Round "8.3"]
[White "Shankhodip De"]
[Black "Afnan, Zarif Haque"]
[Result "1-0"]
[Annotator "RC"]
[ECO "D11"]
[WhiteElo "1942"]
[BlackElo "1853"]
[PlyCount "87"]
[EventDate "2024.07.10"]
[EventType "team-tourn"]
[EventCountry "BAN"]
[SourceTitle "playchess.com"]
[Source "ChessBase"]
[SourceQuality "1"]
[TimeControl "5400+30"]

1. d4 d5 2. Nf3 Nf6 3. g3 Bf5 4. Bg2 e6 5. c4 c6 6. Nc3 h6 7. Qb3 Qb6 8. c5 Qa6 9. Bf1 b5 10. a4 bxa4 11. Qxa4 Qxa4 12. Nxa4 Nbd7 13. Bf4 g5 14. Be5 Nxe5 15. Nxe5 Rc8 16. Nc3 Nd7 17. Nxd7 Kxd7 18. Rxa7+ Rc7 19. Ra4 Rb7 20. Bg2 Bg7 21. O-O Rhb8 22. e3 Rxb2 23. Ra5 Bd3 24. Rd1 Bc2 25. Rd2 Bg6 26. Rd1 R2b3 27. Rc1 e5 28. Ra7+ Ke8 29. Ne2 Rb1 30. Ra1 Rxc1+ 31. Rxc1 Rb2 32. Re1 Kd7 33. Bh3+ Kc7 34. dxe5 Bxe5 35. f4 Bd3 36. Nc1 Bc3 37. Nxd3 Rd2 38. Ne5 Rc2 39. Rf1 d4 40. Bf5 Re2 41. Nxf7 dxe3 42. fxg5 hxg5 43. Nxg5 Bd4 44. Ne6+ 1-0

[Event "Elegant 1st Division League 2024"]
[Site "Dhaka"]
[Date "2024.07.18"]
[Round "8.4"]
[White "Islam, Obaidul Shahin"]
[Black "Aiyan, Rahman"]
[Result "1-0"]
[Annotator "RC"]
[ECO "B01"]
[WhiteElo "1976"]
[BlackElo "1847"]
[PlyCount "77"]
[EventDate "2024.07.10"]
[EventType "team-tourn"]
[EventCountry "BAN"]
[SourceTitle "playchess.com"]
[Source "ChessBase"]
[SourceQuality "1"]
[TimeControl "5400+30"]

1. e4 d5 2. exd5 Qxd5 3. Nc3 Qa5 4. Nf3 Nf6 5. d4 c6 6. Bd2 Bf5 7. Bc4 e6 8. h3 Qc7 9. Nh4 Bg6 10. Nxg6 hxg6 11. Qe2 Be7 12. O-O-O Nbd7 13. Kb1 Nb6 14. Bb3 O-O-O 15. Bc1 Rhe8 16. f4 Bd6 17. Qf3 Nbd5 18. Ne2 c5 19. c4 Nb4 20. Bd2 Na6 21. g4 Nd7 22. Ba4 Re7 23. Bc3 f6 24. Bb5 Qb6 25. Rd2 e5 26. dxe5 fxe5 27. Bxd7+ Rexd7 28. fxe5 Be7 29. Rxd7 Rxd7 30. Nf4 Nc7 31. Nd5 Qe6 32. Rd1 g5 33. Qf5 g6 34. Qe4 b5 35. Ba5 Nxd5 36. cxd5 Qa6 37. Be1 c4 38. d6 Qa4 39. Qa8# 1-0

[Event "Elegant 1st Division League 2024"]
[Site "Dhaka"]
[Date "2024.07.18"]
[Round "8.5"]
[White "Neloy, Debnath"]
[Black "Hossain, Alamgir"]
[Result "1-0"]
[Annotator "RC"]
[ECO "C50"]
[WhiteElo "1959"]
[BlackElo "1974"]
[PlyCount "120"]
[EventDate "2024.07.10"]
[EventType "team-tourn"]
[EventCountry "BAN"]
[SourceTitle "playchess.com"]
[Source "ChessBase"]
[SourceQuality "1"]
[TimeControl "5400+30"]

1. e4 Nc6 2. d4 e5 3. Nf3 exd4 4. Bc4 Be7 5. c3 Nf6 6. e5 Ne4 7. Bd5 Ng5 8. Nxg5 Bxg5 9. Qh5 Qe7 10. Qxg5 Qxg5 11. Bxg5 dxc3 12. Nxc3 Nxe5 13. O-O f6 14. Bf4 c6 15. Bb3 d6 16. Rad1 Ke7 17. Bxe5 fxe5 18. f4 Be6 19. Bxe6 Kxe6 20. fxe5 d5 21. Ne2 Rhf8 22. Nd4+ Kxe5 23. Rfe1+ Kd6 24. Re6+ Kd7 25. Rde1 Rf7 26. R6e5 Rc8 27. Ne6 h6 28. Nc5+ Kc7 29. Rf1 Rxf1+ 30. Kxf1 Kd6 31. Nd3 c5 32. Rf5 Rc7 33. Ke2 b5 34. Nf4 d4 35. Rd5+ Kc6 36. b4 cxb4 37. Rxd4 a5 38. Kd3 Kb7 39. Ne2 Kb6 40. Rd6+ Kc5 41. Rd8 a4 42. Nd4 Rb7 43. Rc8+ Kb6 44. Rc6+ Ka5 45. Re6 Rd7 46. Ke3 b3 47. axb3 axb3 48. Nxb3+ Kb4 49. Nd4 Rb7 50. Re5 Kc4 51. Nxb5 Rxb5 52. Rxb5 Kxb5 53. Ke4 Kc5 54. Kf5 Kd5 55. Kg6 Ke5 56. Kxg7 h5 57. Kg6 h4 58. Kg5 h3 59. g3 Ke4 60. Kg4 Kd5 1-0

[Event "Elegant 1st Division League 2024"]
[Site "Dhaka"]
[Date "2024.07.18"]
[Round "8.6"]
[White "Priyanshu Barua"]
[Black "Md, Sariatullah"]
[Result "1-0"]
[Annotator "RC"]
[ECO "C45"]
[WhiteElo "1987"]
[BlackElo "2005"]
[PlyCount "41"]
[EventDate "2024.07.10"]
[EventType "team-tourn"]
[EventCountry "BAN"]
[SourceTitle "playchess.com"]
[Source "ChessBase"]
[SourceQuality "1"]
[TimeControl "5400+30"]

1. e4 e5 2. Nf3 Nc6 3. d4 exd4 4. Nxd4 Bc5 5. Be3 Bb6 6. Nc3 d6 7. Bc4 Ne5 8. Be2 Nf6 9. f4 Ng6 10. Qd2 Qe7 11. Bf3 Nh4 12. O-O-O Nxf3 13. gxf3 Bd7 14. e5 dxe5 15. fxe5 Qxe5 16. Bf4 Qe7 17. Rhe1 Be6 18. Nf5 Qf8 19. Be5 Nh5 20. Bxg7 Qxg7 21. Qd7+ 1-0

[Event "Elegant 1st Division League 2024"]
[Site "Dhaka"]
[Date "2024.07.18"]
[Round "8.8"]
[White "Khan, Monir Hossain"]
[Black "Noshin, Anjum"]
[Result "0-1"]
[Annotator "RC"]
[ECO "A08"]
[WhiteElo "1928"]
[BlackElo "2056"]
[PlyCount "68"]
[EventDate "2024.07.10"]
[EventType "team-tourn"]
[EventCountry "BAN"]
[SourceTitle "playchess.com"]
[Source "ChessBase"]
[SourceQuality "1"]
[TimeControl "5400+30"]

1. Nf3 d5 2. g3 Nf6 3. Bg2 c5 4. d3 Nc6 5. Nbd2 e5 6. e4 dxe4 7. dxe4 Bg4 8. h3 Bxf3 9. Bxf3 Be7 10. c3 Qc7 11. Qe2 O-O 12. Nf1 Rfe8 13. g4 Na5 14. Ne3 c4 15. g5 Nd7 16. Nd5 Qd8 17. Nxe7+ Qxe7 18. Be3 b5 19. O-O-O Nb7 20. Kb1 Ndc5 21. Rd5 a6 22. Rhd1 Nd3 23. Bg4 Red8 24. Rxd8+ Nxd8 25. h4 Ne6 26. f3 a5 27. Qc2 Rb8 28. Rd2 Nec5 29. a3 Na4 30. Qd1 Ndxb2 31. Qf1 Qxa3 32. Bc5 Nxc3+ 33. Kc2 Qa4+ 34. Kxb2 Qa2+ 0-1

[Event "Elegant 1st Division League 2024"]
[Site "Dhaka"]
[Date "2024.07.18"]
[Round "8.9"]
[White "Uddipan Roy"]
[Black "Miraj Uddin, Ahmed"]
[Result "1-0"]
[Annotator "RC"]
[ECO "C03"]
[WhiteElo "1967"]
[BlackElo "1827"]
[PlyCount "89"]
[EventDate "2024.07.10"]
[EventType "team-tourn"]
[EventCountry "BAN"]
[SourceTitle "playchess.com"]
[Source "ChessBase"]
[SourceQuality "1"]
[TimeControl "5400+30"]

1. e4 e6 2. d4 d5 3. Nd2 f5 4. exd5 exd5 5. Ngf3 Nf6 6. Be2 Bd6 7. O-O O-O 8. Ne5 Nbd7 9. Ndf3 Ne4 10. c4 c6 11. cxd5 cxd5 12. Bf4 Qe7 13. Nd3 b6 14. Bxd6 Qxd6 15. Nde5 Bb7 16. Rc1 Rac8 17. Qa4 Nxe5 18. dxe5 Qb8 19. Rcd1 Nc5 20. Qh4 Rc6 21. Bb5 Rh6 22. Qd4 a6 23. Be2 Re8 24. Rfe1 Ne4 25. Qe3 g5 26. Nxg5 Qxe5 27. Nf3 Qg7 28. Qd4 Qc7 29. Rc1 Qb8 30. g3 f4 31. Bd3 fxg3 32. hxg3 Rf8 33. Rxe4 dxe4 34. Bc4+ Rf7 35. Bxf7+ Kxf7 36. Qd7+ Kg8 37. Rc7 Qf8 38. Rxb7 exf3 39. Qd5+ Kh8 40. Qe5+ Rf6 41. Rb8 Qxb8 42. Qxb8+ Kg7 43. Qb7+ Kg6 44. Qxa6 Rd6 45. Qa4 1-0

[Event "Elegant 1st Division League 2024"]
[Site "Dhaka"]
[Date "2024.07.18"]
[Round "8.10"]
[White "Shatadru Shovan, Dey"]
[Black "Abdul, Momin"]
[Result "1-0"]
[Annotator "RC"]
[ECO "D92"]
[WhiteElo "1879"]
[BlackElo "1911"]
[PlyCount "117"]
[EventDate "2024.07.10"]
[EventType "team-tourn"]
[EventCountry "BAN"]
[SourceTitle "playchess.com"]
[Source "ChessBase"]
[SourceQuality "1"]
[TimeControl "5400+30"]

1. d4 Nf6 2. Bf4 e6 3. e3 g6 4. c4 Bg7 5. Nc3 d5 6. Nf3 O-O 7. b4 dxc4 8. Bxc4 a6 9. Qb3 Re8 10. h3 Nbd7 11. O-O b6 12. b5 a5 13. Rfd1 Bb7 14. Ng5 Nf8 15. Be2 h6 16. Nf3 g5 17. Bh2 Qe7 18. Rac1 Rac8 19. Rc2 Red8 20. Rdc1 Ng6 21. Nd1 Ne8 22. Nb2 Kh7 23. Nd3 Bd5 24. Qa4 Be4 25. Rc3 Nd6 26. Nd2 Bd5 27. Bf3 Nh4 28. Bxd5 exd5 29. Bxd6 Rxd6 30. Qc2 c5 31. bxc6 f5 32. c7 g4 33. Nf4 gxh3 34. g3 Qg5 35. Rc6 Rd7 36. Kh2 Rf7 37. gxh4 Qxh4 38. Nf3 Qe7 39. Nxd5 Qa3 40. Kh1 Kg8 41. Nxb6 Rcxc7 42. Rxc7 Rxc7 43. Qxc7 f4 44. Rg1 Qf8 45. e4 Kh8 46. Qxg7+ Qxg7 47. Rxg7 Kxg7 48. a4 Kf6 49. Kh2 Ke6 50. Kxh3 Kd6 51. Kg4 Kc6 52. Nc4 h5+ 53. Kxh5 Kc7 54. Kg5 Kc6 55. Kxf4 Kc7 56. Nxa5 Kd6 57. Nc4+ Kc6 58. Kf5 Kc7 59. Nfe5 1-0

[Event "Elegant 1st Division League 2024"]
[Site "Dhaka"]
[Date "2024.07.18"]
[Round "8.11"]
[White "Bivor Adak"]
[Black "S M Sharon"]
[Result "1-0"]
[Annotator "RC"]
[ECO "B07"]
[WhiteElo "1967"]
[BlackElo "2047"]
[PlyCount "59"]
[EventDate "2024.07.10"]
[EventType "team-tourn"]
[EventCountry "BAN"]
[SourceTitle "playchess.com"]
[Source "ChessBase"]
[SourceQuality "1"]
[TimeControl "5400+30"]

1. e4 d6 2. d4 Nd7 3. Nc3 e5 4. f4 exf4 5. Bxf4 g6 6. Nf3 Bg7 7. Bc4 Ngf6 8. e5 dxe5 9. dxe5 Qe7 10. Qe2 Nh5 11. Bg5 Qb4 12. e6 O-O 13. exd7 Bxc3+ 14. bxc3 Qxc3+ 15. Kf2 Bxd7 16. Qd3 Qxd3 17. Bxd3 Be6 18. Rhe1 Rfe8 19. Nd4 Bd5 20. c4 f6 21. cxd5 fxg5 22. Ne6 Nf4 23. Nxf4 gxf4 24. Bb5 Rxe1 25. Rxe1 a6 26. Ba4 Rd8 27. Re7 Rxd5 28. Bb3 Kf8 29. Rxc7 Rh5 30. h3 1-0

[Event "Elegant 1st Division League 2024"]
[Site "Dhaka"]
[Date "2024.07.18"]
[Round "8.12"]
[White "Sacchu, Afzal Hossain"]
[Black "Md Nurul Islam, Mahin"]
[Result "0-1"]
[Annotator "RC"]
[ECO "E12"]
[WhiteElo "1981"]
[BlackElo "1833"]
[PlyCount "118"]
[EventDate "2024.07.10"]
[EventType "team-tourn"]
[EventCountry "BAN"]
[SourceTitle "playchess.com"]
[Source "ChessBase"]
[SourceQuality "1"]
[TimeControl "5400+30"]

1. d4 Nf6 2. c4 e6 3. Nf3 b6 4. a3 Bb7 5. e3 d5 6. Nc3 Bd6 7. b4 c6 8. c5 Bc7 9. Bd3 O-O 10. Qc2 h6 11. Bb2 Nbd7 12. Ne2 Rc8 13. h3 Re8 14. Ne5 Nxe5 15. dxe5 Nd7 16. f4 Qe7 17. Rc1 Bd8 18. O-O a5 19. Kh2 axb4 20. axb4 bxc5 21. bxc5 Ra8 22. Ra1 Rxa1 23. Rxa1 Qxc5 24. Qb3 Qb6 25. Qa2 Qxe3 26. Qa7 Qb6 27. Bc3 Qxa7 28. Rxa7 Bc8 29. Nd4 Bb6 30. Ra8 Bxd4 31. Bxd4 Kf8 32. f5 c5 33. Bb2 Bb7 34. Ra7 Rb8 35. Ba3 Ra8 36. Rxa8+ Bxa8 37. Bb5 Nxe5 38. Bxc5+ Kg8 39. g4 Bc6 40. Be2 Nd7 41. Bd6 e5 42. h4 f6 43. Kg3 Kf7 44. Kf2 Nb6 45. Ba6 g6 46. Be2 Bd7 47. Bc7 Na4 48. fxg6+ Kxg6 49. Ba5 Nc5 50. Bb4 Ne6 51. Ke3 f5 52. h5+ Kf6 53. gxf5 Kxf5 54. Be7 d4+ 55. Kd2 Be8 56. Bd1 Nf4 57. Bf8 Bxh5 58. Bxh5 Nxh5 59. Bxh6 e4 0-1

[Event "Elegant 1st Division League 2024"]
[Site "Dhaka"]
[Date "2024.07.18"]
[Round "8.15"]
[White "Tajane Ganesh"]
[Black "Asaduzzaman, Ahad"]
[Result "1/2-1/2"]
[Annotator "NA RC"]
[ECO "C55"]
[WhiteElo "1772"]
[BlackElo "1855"]
[PlyCount "78"]
[EventDate "2024.07.10"]
[EventType "team-tourn"]
[EventCountry "BAN"]
[SourceTitle "playchess.com"]
[Source "ChessBase"]
[SourceQuality "1"]
[TimeControl "5400+30"]

1. e4 e5 2. Nf3 Nc6 3. Bc4 Be7 4. c3 Nf6 5. d3 d6 6. Bb3 Bd7 7. Nbd2 O-O 8. Nf1 Be6 9. h3 Qd7 10. Ng3 Rad8 11. Qe2 Rfe8 12. Bxe6 Qxe6 13. Nh4 g6 14. O-O d5 15. Nf3 dxe4 16. dxe4 Kg7 17. Bg5 h6 18. Bxf6+ Bxf6 19. Qb5 b6 20. Qa4 Rd6 21. Rfd1 Red8 22. Rxd6 Qxd6 23. Nf1 a5 24. Ne3 Ne7 25. Rd1 Qc6 26. Qxc6 Nxc6 27. Rxd8 Nxd8 28. Nd5 Ne6 29. Nd2 g5 30. Kf1 Kg6 31. Ke2 Bd8 32. Nc4 f6 33. f3 Nf4+ 34. Nxf4+ gxf4 35. a4 Kf7 36. Kd3 Ke6 37. Na3 c6 38. Kc4 Be7 39. Nc2 Kd6 1/2-1/2

[Event "Elegant 1st Division League 2024"]
[Site "Dhaka"]
[Date "2024.07.18"]
[Round "8.16"]
[White "Shejal Sahil Sanjay"]
[Black "Bhuiyan, Golam Mostafa"]
[Result "1-0"]
[Annotator "RC"]
[ECO "B22"]
[WhiteElo "1750"]
[BlackElo "2078"]
[PlyCount "83"]
[EventDate "2024.07.10"]
[EventType "team-tourn"]
[EventCountry "BAN"]
[SourceTitle "playchess.com"]
[Source "ChessBase"]
[SourceQuality "1"]
[TimeControl "5400+30"]

1. e4 c5 2. c3 Nf6 3. e5 Nd5 4. d4 e6 5. Nf3 Qc7 6. c4 Nb6 7. d5 d6 8. Nc3 a6 9. Bf4 Be7 10. Ne4 dxe5 11. Bxe5 Qd8 12. d6 Bf6 13. Bxf6 gxf6 14. Nxc5 O-O 15. Rc1 Nc6 16. Be2 e5 17. O-O Rb8 18. Qd2 Bf5 19. Nh4 Bg6 20. f4 f5 21. Nxg6 hxg6 22. a4 e4 23. a5 Nd7 24. Nxd7 Qxd7 25. c5 Rbc8 26. Bc4 Nd8 27. Rc3 Ne6 28. b4 Rfd8 29. Qb2 Re8 30. Rh3 Ng7 31. Qf6 Re6 32. Bxe6 Qxe6 33. Qh4 Nh5 34. Rd1 Qd7 35. Qe7 Qxe7 36. dxe7 Re8 37. Rd8 Ng7 38. b5 f6 39. c6 bxc6 40. b6 Kf7 41. Rxe8 Nxe8 42. b7 1-0

[Event "Elegant 1st Division League 2024"]
[Site "Dhaka"]
[Date "2024.07.18"]
[Round "8.17"]
[White "Vrashank Chouhan"]
[Black "Shafiqul, Islam"]
[Result "1-0"]
[Annotator "RC"]
[ECO "E49"]
[WhiteElo "2209"]
[BlackElo "1937"]
[PlyCount "45"]
[EventDate "2024.07.10"]
[EventType "team-tourn"]
[EventCountry "BAN"]
[SourceTitle "playchess.com"]
[Source "ChessBase"]
[SourceQuality "1"]
[TimeControl "5400+30"]

1. d4 Nf6 2. c4 e6 3. Nc3 Bb4 4. e3 O-O 5. Bd3 d5 6. a3 Bxc3+ 7. bxc3 c5 8. cxd5 exd5 9. Ne2 Nc6 10. O-O Re8 11. f3 a6 12. Nf4 c4 13. Bc2 b5 14. g4 h6 15. Qe1 g5 16. Ng2 Qc7 17. h4 Bxg4 18. hxg5 hxg5 19. e4 dxe4 20. Qe3 exf3 21. Qxg5+ Kf8 22. Qxf6 Re6 23. Qh8+ 1-0

[Event "Elegant 1st Division League 2024"]
[Site "Dhaka"]
[Date "2024.07.18"]
[Round "8.18"]
[White "Soumyajit Das"]
[Black "Tutul, Dhar"]
[Result "0-1"]
[Annotator "RC"]
[ECO "B12"]
[WhiteElo "1850"]
[BlackElo "2008"]
[PlyCount "101"]
[EventDate "2024.07.10"]
[EventType "team-tourn"]
[EventCountry "BAN"]
[SourceTitle "playchess.com"]
[Source "ChessBase"]
[SourceQuality "1"]
[TimeControl "5400+30"]

1. e4 c6 2. d4 d5 3. e5 Bf5 4. h4 h5 5. Bd3 Bxd3 6. Qxd3 e6 7. Nf3 Ne7 8. Bg5 Qa5+ 9. Nbd2 Qa6 10. Qxa6 Nxa6 11. a3 c5 12. dxc5 Nxc5 13. b4 Na4 14. c4 dxc4 15. Bxe7 Bxe7 16. Nxc4 O-O 17. O-O Rac8 18. Rac1 Rfd8 19. Nd6 Bxd6 20. exd6 Nc3 21. Rc2 Rxd6 22. Kh2 Rdc6 23. Ne5 R6c7 24. Rfc1 Nd5 25. Rc5 f6 26. Nd3 b6 27. Rxc7 Rxc7 28. Rxc7 Nxc7 29. Nf4 Kf7 30. Nxh5 Nb5 31. a4 Nc3 32. a5 Nd5 33. axb6 axb6 34. Ng3 Nxb4 35. Ne4 Ke7 36. Kg3 Nd3 37. f4 f5 38. Nc3 Kd6 39. Kf3 Kc5 40. Ke3 Kc4 41. Na4 b5 42. Nb6+ Kc3 43. h5 Nc5 44. Nc8 b4 45. Nd6 b3 46. Nb5+ Kb4 47. Nd4 b2 48. Nc2+ Kb3 49. Nd4+ Ka4 50. Ne2 Ne4 51. Kd4 0-1

[Event "Elegant 1st Division League 2024"]
[Site "Dhaka"]
[Date "2024.07.18"]
[Round "8.19"]
[White "Dakshita Kumawat"]
[Black "Saparya Ghosh"]
[Result "1/2-1/2"]
[Annotator "RC"]
[ECO "D02"]
[WhiteElo "1928"]
[BlackElo "1833"]
[PlyCount "103"]
[EventDate "2024.07.10"]
[EventType "team-tourn"]
[EventCountry "BAN"]
[SourceTitle "playchess.com"]
[Source "ChessBase"]
[SourceQuality "1"]
[TimeControl "5400+30"]

1. d4 Nf6 2. Bf4 d5 3. e3 c5 4. Nf3 Nc6 5. Nbd2 e6 6. c3 cxd4 7. exd4 Nh5 8. Be3 Bd6 9. Bd3 Nf4 10. Bxf4 Bxf4 11. g3 Bd6 12. O-O O-O 13. Re1 Bd7 14. Rc1 Rc8 15. b4 Re8 16. Nf1 g6 17. Ne3 Bf8 18. Ng4 f6 19. Qb3 Kg7 20. Ne3 Qb6 21. h4 Ne7 22. a4 Qd6 23. Ng2 Nc6 24. Rcd1 e5 25. dxe5 fxe5 26. Be4 d4 27. Ng5 Qf6 28. Bxc6 Bxc6 29. cxd4 h6 30. dxe5 Qe7 31. Ne4 Qxb4 32. Qf3 Be7 33. Nf4 Bd7 34. Nd5 Qa3 35. Nxe7 Qxf3 36. Rxd7 Rcd8 37. Rxb7 Rd1 38. Rxd1 Qxd1+ 39. Kg2 Rxe7 40. Rxe7+ Kf8 41. Rxa7 Qd5 42. f3 Qxe5 43. a5 Qb2+ 44. Nf2 Qb8 45. Ra6 Kg7 46. Rb6 Qa7 47. Rb5 Qa6 48. Rc5 h5 49. Rg5 Kh6 50. Rc5 Qe2 51. Rg5 Kh7 52. Rc5 1/2-1/2